Map: Galactic Process LE

Players

Storm - Winner!

  • Race: Terran Terran
  • League: Diamond

FpsAction

  • Race: Zerg Zerg
  • League: Diamond

VOD

Have the link to the VOD?

Description

Time

  • Played on: Sept. 11, 2016, 3:39 p.m.
  • Length: 16:48
Show
View Real Time Build Order
Export as new Build Order

Storm Terran - Winner!

Build Orders:  

Get SALT Encoding   

  12  0:01  SCV  
  13  0:13  SCV  
  14  0:21  Supply Depot  
  14  0:25  SCV  
  15  0:43  SCV  
  16  0:50  Barracks  
  16  0:57  Refinery  
  16  1:00  SCV  
  16  1:02  Barracks  
  17  1:12  SCV  
  18  1:22  Barracks  
  18  1:25  SCV  
  19  1:29  Refinery  
  19  1:43  SCV  
  20  1:50  Reaper  
  20  1:53  Supply Depot  
  21  1:58  Reaper  
  21  2:00  SCV  
  23  2:15  Orbital Command  
  23  2:16  Reaper  
  24  2:25  Reaper  
  25  2:30  Reaper  
  26  2:49  Reaper  
  27  2:57  Reaper, SCV  
  29  3:09  Command Center  
  29  3:13  Reaper  
  30  3:25  Reaper  
  29  3:48  SCV  
  29  3:52  Command Center  
  29  3:53  Factory  
  29  3:54  Marine  
  30  3:57  Barracks Tech Lab  
  30  4:00  SCV  
  31  4:06  Supply Depot  
  31  4:12  Supply Depot  
  31  4:21  Marine  
  31  4:23  Orbital Command  
  32  4:29  Stimpack  
  32  4:31  SCV  
  32  4:34  Marine  
  34  4:39  Supply Depot  
  34  4:42  Marine x2  
  34  4:44  SCV  
  37  4:49  SCV  
  38  4:55  Starport  
  38  4:56  SCV  
  39  5:01  SCV  
  40  5:09  Barracks Reactor  
  40  5:10  Supply Depot, SCV  
  40  5:12  Barracks Reactor  
  41  5:16  SCV, Marine  
  41  5:19  Factory Reactor  
  43  5:22  SCV  
  43  5:28  SCV  
  45  5:33  Orbital Command  
  45  5:34  Marine  
  45  5:35  SCV  
  47  5:37  Starport Reactor  
  47  5:39  Engineering Bay  
  47  5:41  SCV  
  48  5:45  Marine x2  
  48  5:47  SCV  
  48  5:48  Marine x2  
  53  5:52  Marine  
  53  5:53  SCV  
  55  5:57  Widow Mine x2  
  55  6:02  SCV x2  
  55  6:03  Marine  
  62  6:06  Marine  
  62  6:10  Marine x2  
  62  6:11  Marine  
  66  6:17  Bunker  
  66  6:22  Marine  
  66  6:23  Medivac x2  
  71  6:25  Marine  
  70  6:38  Widow Mine x2  
  73  6:46  Marine x2  
  73  6:47  Marine  
  71  6:51  Marine x2  
  73  7:02  Medivac x2  
  73  7:04  Marine x3  
  80  7:08  Widow Mine x2, Marine  
  80  7:09  Marauder  
  82  7:22  Reaper, Marine x2  
  71  7:23  SCV x2  
  71  7:26  Marine  
  75  7:30  Marine  
  75  7:31  Terran Infantry Armor Level 1  
  75  7:32  Barracks x3, SCV  
  75  7:33  Barracks, Engineering Bay  
  75  7:34  Medivac  
  75  7:35  SCV  
  75  7:36  SCV  
  81  7:40  Widow Mine x2, Marine  
  86  7:44  SCV  
  86  7:45  Refinery  
  86  7:46  Refinery  
  86  7:47  SCV  
  86  7:48  Refinery, SCV, Marine  
  90  7:51  Marine  
  90  7:52  Marine  
  90  7:54  Marine  
  93  8:00  Supply Depot  
  93  8:04  Supply Depot  
  93  8:06  Supply Depot  
  93  8:21  Widow Mine x2, SCV x2, Marine x2  
  93  8:23  Terran Infantry Weapons Level 1  
  93  8:26  Medivac, Supply Depot, SCV, Marine x3  
  109  8:29  Barracks Reactor  
  109  8:30  Barracks Tech Lab  
  109  8:31  Barracks Tech Lab  
  109  8:33  Barracks Tech Lab  
  107  8:36  SCV  
  107  8:38  SCV  
  107  8:39  Marine x2  
  107  8:41  SCV  
  112  8:43  Medivac  
  112  8:44  Marine x3  
  117  8:49  Marine x2  
  117  8:53  Supply Depot  
  117  8:54  Supply Depot  
  119  8:56  Marine  
  119  8:57  Marauder  
  119  8:58  Armory  
  119  9:01  Marine x3  
  121  9:07  Marine  
  121  9:08  Marauder x2, Marine x2  
  121  9:14  Marine  
  118  9:20  Marine x4  
  101  9:25  Marine  
  101  9:26  Marine x2  
  101  9:28  Medivac, Marine  
  101  9:29  Medivac, Marine  
  105  9:32  Marine  
  105  9:37  Marine  
  105  9:38  Marine x3  
  110  9:40  Widow Mine  
  110  9:41  Widow Mine  
  110  9:43  Marine  
  110  9:44  Marine x2  
  117  9:46  Marine x2  
  117  9:50  Marine  
  117  9:52  Terran Infantry Armor Level 2  
  120  9:55  Marine x2  
  120  9:56  Command Center, Marine x2  
  120  9:58  Medivac  
  123  10:06  Marine  
  123  10:07  Marine x4  
  117  10:08  Medivac, Marine  
  126  10:14  Marauder  
  126  10:15  Marine  
  126  10:16  Marine  
  126  10:21  SCV x3  
  131  10:23  Refinery  
  131  10:25  Marauder x2  
  131  10:26  Marauder, Marine  
  138  10:35  Marauder  
  138  10:39  Reaper, Marine x4  
  136  10:44  Marine  
  136  10:46  SCV, Marauder  
  136  10:47  SCV  
  141  10:50  Supply Depot  
  141  10:52  Supply Depot  
  141  10:54  Supply Depot  
  141  11:07  Marine x6  
  141  11:08  SCV, Marauder  
  141  11:11  Marauder, Marine x2  
  151  11:18  Hellion x2  
  135  11:21  Medivac x2  
  130  11:25  Marine x4  
  130  11:26  Marauder x2  
  130  11:29  Marauder, Marine x2  
  138  11:33  Marauder  
  138  11:36  Terran Infantry Weapons Level 2  
  134  11:43  Marine x4  
  134  11:47  Marauder x2, Marine x2  
  137  11:48  Orbital Command  
  137  11:51  Marauder  
  137  11:53  Marine  
  144  12:01  Marine x4  
  144  12:02  Liberator x2  
  144  12:04  Marine x2  
  144  12:08  Marine  
  151  12:09  Marauder  
  151  12:11  Marine  
  151  12:13  Marauder  
  138  12:19  Marine x3  
  134  12:24  Refinery, Marine x2  
  134  12:25  Marine  
  134  12:26  Marauder  
  137  12:30  Marauder x2  
  137  12:31  Refinery  
  139  12:39  Marauder, Marine x3  
  139  12:42  Marine x2  
  139  12:43  Marine  
  147  12:45  Liberator x2  
  147  12:48  Marauder  
  147  12:50  Factory Tech Lab, Marine  
  147  12:51  Marine  
  146  12:56  Orbital Command  
  146  12:57  Marine x3  
  144  12:59  Refinery  
  144  13:00  Starport, Marine x3  
  144  13:01  Marauder  
  155  13:09  Marauder, Marine x2  
  155  13:11  Terran Infantry Armor Level 3, Supply Depot  
  159  13:13  Supply Depot, Terran Ship Weapons Level 1  
  159  13:15  Marine  
  160  13:22  Marauder, Marine  
  160  13:23  SCV x2  
  160  13:25  Marine x3  
  168  13:28  Marauder x2  
  168  13:31  Liberator x2, Marauder  
  168  13:33  Thor  
  180  13:37  Command Center, Marine x2  
  180  13:39  Starport Tech Lab, Marine  
  183  13:44  Marauder  
  185  13:50  SCV x2  
  193  13:56  Marauder, Marine  
  193  13:59  Supply Depot  
  196  14:17  Liberator x3  
  196  14:20  Marine x4  
  200  14:28  Marine  
  160  14:33  Hellion, Reaper, Marauder, Marine  
  160  14:34  Marine  
  160  14:35  Marine  
  160  14:38  Marine x4  
  142  14:45  Marine  
  142  14:51  Marine  
  142  14:52  Marine x2  
  139  14:54  Marine  
  139  14:55  Hellion  
  139  14:56  Marine x4  
  139  14:59  Liberator  
  145  15:00  Liberator x2  
  145  15:03  Marine  
  145  15:05  Marine  
  140  15:08  Marine  
  140  15:10  Marine x2  
  140  15:11  Marine  
  140  15:12  Orbital Command  
  140  15:13  Marine x2  
  140  15:14  Marauder, Marine  
  146  15:16  Hellion  
  160  15:21  Marine  
  160  15:22  Marine  
  160  15:26  Marine  
  160  15:28  Marine x2  
  157  15:30  Marauder  
  157  15:31  Marine x3  
  141  15:36  Marauder  
  141  15:38  Hellion  
  141  15:39  Marine  
  141  15:40  Marine  
  141  15:42  Liberator x2  
  142  15:44  Marine  
  142  15:46  Marauder x2  
  142  15:49  Marine x3  
  150  15:51  Marauder  
  150  15:56  Marine  
  150  15:57  Marine  
  147  15:58  Marine  
  147  16:02  Marine  
  149  16:07  Marine x4  
  149  16:08  Marauder  
  150  16:12  Marine  
  150  16:14  Marine  
  150  16:15  Marauder  
  150  16:16  Marine  
  153  16:20  Marine  
  153  16:25  Marine x3  
  154  16:26  Marauder  
  154  16:29  Marine  
  154  16:30  Marine  
Show
View Real Time Build Order
Export as new Build Order

FpsAction Zerg 

Build Orders: Hatch First 

Get SALT Encoding   

  12  0:01  Drone  
  13  0:13  Overlord  
  13  0:17  Drone  
  14  0:31  Drone x2  
  14  0:35  Drone  
  17  0:54  Hatchery  
  17  0:57  Drone  
  17  1:02  Drone  
  18  1:06  Extractor  
  18  1:08  Drone  
  18  1:20  Spawning Pool  
  18  1:23  Drone  
  18  1:28  Drone  
  19  1:39  Overlord  
  19  1:51  Drone  
  20  2:01  Drone  
  21  2:06  Drone  
  21  2:07  Queen x2  
  26  2:12  Metabolic Boost  
  26  2:15  Zergling x2  
  26  2:19  Zergling x2  
  28  2:24  Zergling x2  
  29  2:34  Zergling x2  
  29  2:35  Roach Warren  
  29  2:38  Zergling x2  
  30  2:55  Queen  
  30  2:57  Zergling x4  
  30  2:58  Zergling x4  
  35  3:03  Overlord  
  34  3:22  Roach x3  
  34  3:23  Roach  
  41  3:27  Overlord  
  40  3:39  Drone x2  
  40  3:40  Drone x2  
  41  3:44  Roach  
  41  3:50  Drone  
  41  3:52  Drone x2  
  45  3:55  Drone  
  45  3:58  Drone  
  46  4:15  Hatchery  
  45  4:22  Drone x2  
  45  4:23  Drone x2  
  49  4:24  Drone  
  49  4:26  Drone  
  49  4:30  Overlord  
  51  4:34  Overlord  
  51  4:38  Overlord  
  51  4:46  Lair, Extractor  
  51  4:48  Drone  
  51  4:49  Drone  
  51  4:51  Drone  
  53  4:55  Zergling x2, Roach  
  53  4:58  Roach  
  58  5:01  Roach  
  58  5:04  Roach  
  58  5:06  Roach  
  64  5:13  Drone  
  65  5:15  Drone x3  
  65  5:18  Extractor  
  67  5:21  Drone  
  67  5:22  Drone x4  
  67  5:24  Drone  
  67  5:28  Overlord  
  73  5:30  Ravager x3  
  73  5:33  Zergling x2  
  73  5:34  Zergling x2  
  78  5:39  Zergling x2  
  78  5:42  Zergling x6  
  82  5:45  Overlord  
  82  5:48  Ravager  
  82  5:49  Ravager  
  84  5:51  Queen  
  84  5:55  Overseer  
  85  5:57  Drone  
  85  5:58  Drone x2, Extractor  
  85  5:59  Drone  
  85  6:00  Drone  
  85  6:01  Drone  
  90  6:07  Evolution Chamber  
  90  6:08  Evolution Chamber  
  86  6:22  Zergling x6, Roach x4  
  82  6:56  Zerg Missile Weapons Level 1, Zerg Ground Armor Level 1  
  82  6:58  Drone  
  82  6:59  Drone x8  
  86  7:02  Roach  
  86  7:03  Ravager x3  
  86  7:04  Hatchery  
  88  7:13  Roach x2  
  88  7:14  Hatchery  
  83  7:22  Hatchery  
  76  7:31  Roach x2  
  76  7:32  Infestation Pit, Roach x5  
  89  7:43  Drone  
  89  7:44  Overlord x3  
  90  7:56  Overlord x2  
  90  7:59  Extractor  
  90  8:00  Drone  
  90  8:07  Drone x3  
  90  8:08  Drone x2  
  90  8:11  Ravager x2  
  97  8:19  Drone x3  
  100  8:24  Drone x3  
  100  8:25  Ravager  
  100  8:26  Ravager x4  
  108  8:29  Zergling x12  
  108  8:32  Zergling x4  
  116  8:34  Queen  
  116  8:40  Hive  
  118  8:42  Drone x3  
  118  8:44  Drone x2  
  118  8:45  Extractor  
  118  8:46  Queen  
  118  8:47  Extractor  
  123  8:50  Zerg Melee Weapons Level 1  
  109  9:19  Zergling x4, Roach  
  109  9:20  Zergling x14, Roach x7  
  109  9:21  Zergling x2, Roach x2  
  127  9:30  Zergling x6  
  118  9:32  Zerg Ground Armor Level 2  
  118  9:36  Drone x2  
  118  9:37  Drone  
  118  9:38  Extractor  
  120  9:42  Glial Reconstitution  
  120  9:47  Ravager x4  
  124  9:54  Overlord x4  
  124  9:55  Hatchery  
  122  10:06  Overlord x2  
  119  10:07  Adrenal Glands  
  119  10:15  Ultralisk Cavern  
  119  10:20  Drone x2  
  119  10:21  Drone x3  
  123  10:22  Zergling x6, Roach x5  
  123  10:23  Zergling x4, Roach x2  
  123  10:26  Overlord  
  123  10:27  Overseer x2  
  128  10:41  Roach  
  128  10:42  Roach x11  
  130  10:44  Roach  
  130  10:45  Roach  
  130  10:46  Zergling x4  
  130  10:47  Zergling x2  
  130  10:48  Zergling x2  
  130  10:49  Zergling x2  
  139  10:52  Zergling x4  
  139  10:54  Roach  
  143  11:01  Zergling x8  
  143  11:02  Zergling x6  
  143  11:03  Ravager  
  151  11:04  Ravager x3  
  151  11:05  Ravager  
  145  11:17  Zergling x6, Ultralisk, Roach x2  
  145  11:18  Zergling x4  
  114  11:28  Ultralisk  
  114  11:29  Zergling x4  
  114  11:30  Zergling x6  
  106  11:47  Ultralisk  
  106  11:48  Zergling x8  
  106  11:49  Zergling x12  
  117  11:56  Evolution Chamber  
  117  11:58  Zergling x6, Ultralisk, Roach  
  117  11:59  Evolution Chamber  
  124  12:02  Queen  
  123  12:13  Chitinous Plating  
  118  12:16  Spire  
  108  12:28  Overseer x2  
  107  12:30  Zerg Melee Weapons Level 2  
  107  12:35  Overlord  
  107  12:37  Zergling x2, Ultralisk, Hatchery  
  113  12:38  Zergling x12  
  113  12:44  Extractor  
  115  12:49  Drone x3  
  117  13:11  Ultralisk x2  
  117  13:12  Zergling x4, Ultralisk  
  137  13:13  Zergling x16  
  137  13:16  Overlord  
  145  13:25  Zerg Ground Armor Level 3  
  145  13:31  Corruptor x2  
  145  13:33  Zergling x6  
  145  13:34  Zergling x2  
  153  13:54  Drone  
  154  13:56  Corruptor x5  
  154  13:57  Zergling x4  
  154  13:58  Zergling x6  
  169  14:13  Viper  
  122  14:32  Zergling x10, Ultralisk x2, Roach x3  
  122  14:33  Zergling x2  
  134  14:39  Zergling x12  
  134  14:40  Zergling x14  
  134  14:41  Zergling x2  
  134  14:42  Zergling x2  
  135  14:48  Zergling x6  
  135  14:49  Zergling x6  
  135  14:50  Zergling x2  
  128  15:06  Zergling x2  
  128  15:07  Zergling x6, Ultralisk x2  
  120  15:08  Zergling x2  
  120  15:11  Zergling x4  
  101  15:29  Corruptor  
  101  15:30  Corruptor x3  
  101  15:31  Zergling x2  
  101  15:32  Zergling x4  
  106  15:40  Corruptor x2  
  82  16:11  Corruptor  
  82  16:12  Corruptor x4  
  90  16:23  Zergling x4  
  90  16:24  Zergling x8  
  90  16:25  Zergling x2  
Tags
 
Add a new tag
Caveats
  • Supply blocks, unpowered buildings, or Contaminate may cause inaccurate times.
  • Supply counts are checked every 10 seconds.